AoeStats
← Julix

Four Lakes

510264467Analyzed
1v1 RM · 1d ago on Sep 30, 2026· 52m 58s· 2 players
Game mode
Random Map
Map size
Tiny (2 player)
Population
200
Speed
Normal
Resources
Standard
Victory
Conquest
Starting age
Dark Age
Ending age
Imperial Age
RankedLock teamsTeams togetherTeam positionsShared explorationLock speedFull tech treeHidden civsTurbo modeCheats
Victory
Defeat
🇹🇼 Byzantines · Taiwan
1489
+20
🇭🇺 Byzantines · Hungary
1580
-20
Julix
8:32 Loom
10:44 Feudal Age
12:13 Double-Bit Axe
19:32 Castle Age
17:50 Gold Mining
17:46 Fishing Lines
19:32 Scale Barding Armor
19:38 Forging
20:58 Squires
21:55 Iron Casting
27:10 Wheelbarrow
28:14 Scale Mail Armor
31:46 Horse Collar
33:45 Chain Mail Armor
33:21 Fletching
33:48 Arson
34:18 Heavy Plow
38:05 Imperial Age
35:37 Stone Mining
36:26 Gold Shaft Mining
36:21 Hand Cart
37:09 Stone Shaft Mining
36:51 Bodkin Arrow
37:11 Gambesons
38:25 Elite Varangian Guard
38:41 Elite Skirmisher
40:04 Conscription
40:46 Plate Mail Armor
41:33 Bracer
43:27 Padded Archer Armor
44:44 Ballistics
45:25 Chemistry
47:20 Husbandry
47:39 Light Cavalry
Eastern Roman Empire
4:57 Loom
10:38 Feudal Age
14:27 Castle Age
12:27 Fishing Lines
12:38 Double-Bit Axe
18:37 Scale Mail Armor
19:19 Squires
22:43 Gambesons
24:48 Medium Warships
26:26 Redemption
27:33 Sanctity
27:40 Forging
36:31 Imperial Age
34:46 Horse Collar
37:54 Block Printing
38:12 Chain Mail Armor
39:39 Plate Mail Armor
39:21 Gold Mining
39:26 Elite Varangian Guard
44:56 Iron Casting
46:44 Conscription
Connection lost

Rejoining the realm…

Still unreachable

The connection could not be restored.

Session expired

The server has moved on; the page needs a fresh start.